 Dungeon Crawl Stone Soup version 0.31.0-32-g396128a36d (webtiles) character file.

Game seed: 4969152706093810367

90 riffraff the Ruffian (level 4, -2/42 HPs)
             Began as an Octopode Shapeshifter on Apr 17, 2024.
             Slain by a +3 dire flail of flaming (14 damage)
             ... created by the rancor of the Wu Jian Council
             ... on level 2 of the Dungeon.
             The game lasted 00:02:49 (1495 turns).

riffraff the Ruffian (Octopode Shapeshifter)        Turns: 1495, Time: 00:02:50

Health: -2/42      AC: 14    Str: 15    XL:     4   Next: 56%
Magic:  13/13      EV:  2    Int: 12    God:
Gold:   94         SH:  0    Dex: 11    Spells: 3/3 levels left

rFire   . .          .
                       - Unarmed
rCold   . . .        (no shield)
rNeg    . . .        (helmet currently unavailable)
rPois   +            (no amulet)
rElec   .            i - ring of see invisible
rCorr   .            m - ring of magical power
SInv    +            (no ring)
Will    .....        (no ring)
Stlth   ++           (no ring)
HPRegen 0.27/turn    (no ring)
MPRegen 0.13/turn    (no ring)
                     (no ring)

%: no passive effects
@: tree-form, corroded
A: stationary, stasis, torment immunity, boosted hp, almost no armour,
(amphibious), 8 rings, (camouflage 1), (gelatinous body 1), (nimble swimmer 1),
(tentacles)
a: no special abilities


You were on level 2 of the Dungeon.
You were a tree.
You visited 1 branch of the dungeon, and saw 2 of its levels.

You collected 94 gold pieces.

Inventory:

Armour
 j - an orb of light
Jewellery
 i - a ring of see invisible (left branch)
 m - a ring of magical power (right branch)
Talismans
 b - a beast talisman (active)
 c - a flux talisman
 k - a serpent talisman
Scrolls
 d - a scroll of revelation {unknown}
 e - a scroll of noise {unknown}
 f - 3 scrolls of identify {unknown}
 h - a scroll of immolation {unknown}
 n - a scroll of vulnerability {unknown}
Potions
 a - 2 potions of lignification
 g - a potion of curing
 l - a potion of heal wounds {unknown}
 o - a potion of brilliance {unknown}


   Skills:
 + Level 1.0 Fighting
 + Level 2.3 Dodging
 + Level 1.6 Stealth
 + Level 4.1 Unarmed Combat
 + Level 3.7 Shapeshifting


You had 3 spell levels left.
You didn't know any spells.
Your spell library was empty.

Dungeon Overview and Level Annotations

Branches:
Dungeon (2/15)

Altars:
Wu Jian
Xom


Innate Abilities, Weirdness & Mutations

You are a tree.
Your roots penetrate the ground, keeping you stationary.
You cannot be teleported.
You are immune to unholy pain and torment.
Your maximum health is greatly increased.
You cannot wear most types of armour.
((You are amphibious.))
You can wear up to eight rings at the same time.
((Your skin changes colour to match your surroundings (Stealth+).))
((Your rubbery body absorbs attacks. (AC +1, EV +1)))
((You are camouflaged when in or above water. (Stealth+)))
((You have tentacles for arms and can constrict up to eight enemies at once.))


Message History

No target in view!
a - 3 potions of lignification (gained 1)
n - a scroll labelled ZEUNIN UPRUTZ
o - a sapphire potion
Okay, then.
Sifu Ma Yunglu says: Suffer, mortal!
The rancor of the Wu Jian Council corrodes you!
A +1 dire flail of speed, a +2 quarterstaff of freezing, a +3 dire flail of flaming and a +4 broad axe of freezing come into view.
Unknown command.
Okay, then.
Your transformation has ended.
You turn into a tree.
Your roots penetrate the ground.
You hit the +4 broad axe of freezing but do no damage.
You hit the +4 broad axe of freezing.
The +4 broad axe of freezing is heavily damaged.
The +4 broad axe of freezing hits you!
The +4 broad axe of freezing freezes you.
You hit the +4 broad axe of freezing.
You destroy the +4 broad axe of freezing!
That felt strangely unrewarding.
The +1 dire flail of speed hits you. The +3 dire flail of flaming hits you.
The +3 dire flail of flaming burns you.
The +2 quarterstaff of freezing hits you but does no damage.
You cannot move.
You smack the +1 dire flail of speed!
You destroy the +1 dire flail of speed!
That felt strangely unrewarding.
The +3 dire flail of flaming hits you but does no damage.
You barely miss the +3 dire flail of flaming.
The +2 quarterstaff of freezing hits you.
The +2 quarterstaff of freezing freezes you.
You hit the +3 dire flail of flaming but do no damage.
The +3 dire flail of flaming hits you. The +3 dire flail of flaming burns you.
* * * LOW HITPOINT WARNING * * *
The +2 quarterstaff of freezing hits you.
* * * LOW HITPOINT WARNING * * *
The +2 quarterstaff of freezing freezes you.
* * * LOW HITPOINT WARNING * * *
It was a potion of curing.
You feel better. The +3 dire flail of flaming hits you!
You die...

##########+##
#...........[.#
#.............#
#........†....# ##
#.............# #)
#....$..††....# #.
#.............# #.
#.............# ##
#.....(♣(.....##########
+...........>.'.........
#.............##########
##+#######.............#
#.............#
#.............#
#.............#
#.............#
#..............


You could see 2 dancing weapons.

Vanquished Creatures
  2 dancing weapons (D:2)
  Robin (D:2)
  A gnoll (D:1)
  An adder (D:2)
  A dart slug (D:1)
  A ribbon worm (D:2)
  4 bats
  5 endoplasms
  4 giant cockroaches
  11 goblins
  3 hobgoblins (D:2)
  A quokka (D:2)
  7 ball pythons
  3 frilled lizards
  4 kobolds
  5 rats
54 creatures vanquished.

Notes
Turn   | Place    | Note
-------+----------+-------------------------------------------
     0 | D:1      | riffraff the Octopode Shapeshifter began the quest for the
                  | Orb.
     0 | D:1      | Reached XP level 1. HP: 13/13 MP: 1/1
   127 | D:1      | Reached XP level 2. HP: 18/18 MP: 2/2
   323 | D:1      | Found a faded altar of an unknown god.
   344 | D:1      | Prayed at the altar of an unknown god.
   344 | D:1      | Became a worshipper of the Wu Jian Council
   344 | D:1      | Reached * piety under Wu Jian
   373 | D:1      | Reached XP level 3. HP: 23/23 MP: 3/3
   842 | D:1      | Fell from the grace of Wu Jian
   937 | D:2      | Found a shimmering altar of Xom.
  1101 | D:2      | Reached skill level 1 in Stealth
  1101 | D:2      | Reached XP level 4. HP: 15/28 MP: 4/4
  1224 | D:2      | Noticed Robin
  1235 | D:2      | Killed Robin
  1236 | D:2      | Reached skill level 4 in Unarmed Combat
  1488 | D:2      | Noticed a +1 dire flail of speed
  1488 | D:2      | Noticed a +2 quarterstaff of freezing
  1488 | D:2      | Noticed a +3 dire flail of flaming
  1488 | D:2      | Noticed a +4 broad axe of freezing
  1491 | D:2      | Killed a +4 broad axe of freezing
  1492 | D:2      | Killed a +1 dire flail of speed
  1495 | D:2      | Slain by a +3 dire flail of flaming

Illustrated notes

Levels and vault maps discovered:
D:1:      wander_arrival_chamber, layout_basic,
          chequers_ecumenical_altar_simple_redux
D:2:      layout_basic, basic_altar, minmay_diced_spiral, uniq_robin

Skill      XL: |  1  2  3  4 |
---------------+-------------+-----
Stealth        | 1 |  1.6
Unarmed Combat | 4 |  4.1
Fighting       | |  1.0
Dodging        | |  2.3
Shapeshifting  | |  3.7

Action                     |  1- 3 |  4- 6 || total
---------------------------+-------+-------++-------
  Melee: Unarmed           |    63 |    34 ||    97
         Constrict         |    15 |     5 ||    20
         Punch             |     4 |       ||     4
         Tentacles         |     7 |     5 ||    12
 Invoke: Renounce Religion |     1 |       ||     1
Ability: Lunge             |     2 |       ||     2
    Use: Potion            |       |     2 ||     2
   Stab: Sleeping          |     5 |     4 ||     9
 Armour: Skin              |    20 |    21 ||    41
  Dodge: Dodged            |    39 |    11 ||    50
   Form: Beast             |     1 |       ||     1
